 Dungeon Crawl Stone Soup version 0.29.1-1-gd02db6906a (webtiles) character file.

Game seed: 2544965485092078125

16044 Juza the Protected (level 12, -7/75 HPs)
             Began as a Gargoyle Fighter on Oct 4, 2022.
             Was a Believer of Ru.
             Mangled by a titanic slime creature (82 damage)
             ... on level 11 of the Dungeon on Oct 5, 2022.
             The game lasted 00:42:15 (13294 turns).

Juza the Protected (Gargoyle Fighter)              Turns: 13294, Time: 00:42:15

Health: -7/75      AC: 27    Str: 25    XL:     12   Next: 33%
Magic:  12/12      EV: 27    Int: 17    God:    Ru [**....]
Gold:   809        SH:  8    Dex: 12    Spells: 11/11 levels left

rFire   x . .      SeeInvis +   s - +10 hand axe of Reschug {venom, Int+4}
rCold   . . .      Faith    .   c - +2 buckler
rNeg    + . .      Spirit   .   A - +0 chain mail "Wedacley" {rF- Will+++ Dex+3}
rPois   ∞          Reflect  .   G - +0 helmet
rElec   +          Harm     .   D - +0 cloak
rCorr   .          Rampage  .   k - +0 pair of gloves
Will    +++..                   B - +1 pair of boots
Stlth   ..........              y - amulet of Unoigu {Acrobat Int+4}
HPRegen 0.22/turn               l - ring of see invisible
MPRegen 0.13/turn               a - +4 ring of evasion

@: acrobatic
A: sickness immunity, AC +8, negative energy resistance 1, electricity
resistance, torment resistance 1, petrification resistance, no stealth,
inability to train dodging
a: Renounce Religion


You were on level 11 of the Dungeon.
You worshipped Ru.
Ru was pleased with you.
You visited 2 branches of the dungeon, and saw 12 of its levels.

You collected 1037 gold pieces.
You spent 228 gold pieces at shops.

Inventory:

Hand Weapons
 s - the +10 hand axe of Reschug (weapon) {venom, Int+4}
   (You found it on level 4 of the Dungeon)

   It poisons the flesh of those it strikes.
   Int:       It affects your intelligence (+4).
Missiles
 q - 11 boomerangs (quivered)
Armour
 c - a +2 buckler (worn)
 k - a +0 pair of gloves (worn)
 v - an orb of wrath
 A - the +0 chain mail "Wedacley" (worn) {rF- Will+++ Dex+3}
   (You bought it in a shop on level 1 of the Dungeon)

   Dex:       It affects your dexterity (+3).
   rF:        It makes you vulnerable to fire.
   Will:      It greatly increases your willpower.
 B - a +1 pair of boots (worn)
 D - a +0 cloak (worn)
 G - a +0 helmet (worn)
Jewellery
 a - a +4 ring of evasion (right hand)
 b - a ring of ice
 e - an amulet of guardian spirit
 l - a ring of see invisible (left hand)
 u - a ring of flight
 y - the amulet of Unoigu (around neck) {Acrobat Int+4}
   (You found it on level 3 of the Dungeon)

   [amulet of the acrobat]

   It increases your evasion while moving and waiting.
   Int:       It affects your intelligence (+4).
Wands
 F - a wand of charming (6)
 I - a wand of digging (3)
 J - a wand of mindburst (10)
Scrolls
 f - 4 scrolls of teleportation
 g - 3 scrolls of poison
 j - 6 scrolls of identify
 m - a scroll of enchant weapon
 n - a scroll of fog
 x - a scroll of magic mapping
Potions
 d - 3 potions of might
 h - a potion of brilliance
 i - 7 potions of curing
 o - 2 potions of resistance
 p - 3 potions of heal wounds
 t - 2 potions of haste
 w - a potion of berserk rage


   Skills:
 + Level 8.3 Fighting
 + Level 10.3(10.6) Axes
 - Level 3.9(8.2) Maces & Flails
 * Level 8.3 Throwing
 + Level 10.4 Armour
 + Level 8.0 Shields


You had 11 spell levels left.
You didn't know any spells.
Your spell library contained the following spells:

 Spells                   Type           Power      Damage    Failure   Level
 Apportation              Tloc           0%         N/A       82%         1
 Sting                    Tmut/Pois      0%         1d3       82%         1
 Ensorcelled Hibernation  Hex/Ice        0%         N/A       91%         2
 Poisonous Vapours        Pois/Air       0%         N/A       91%         2
 Confusing Touch          Hex            0%         N/A       99%         3
 Spider Form              Tmut/Pois      0%         N/A       99%         3
 Anguish                  Hex/Necr       0%         N/A       100%        4
 Corpse Rot               Necr/Pois/Air  0%         N/A       100%        4
 Dispel Undead            Necr           0%         3d6       100%        4
 Hailstorm                Conj/Ice       0%         3d3       100%        4
 Ice Form                 Ice/Tmut       0%         N/A       100%        4
 Olgreb's Toxic Radiance  Pois           0%         N/A       100%        4
 Alistair's Intoxication  Tmut/Pois      0%         N/A       100%        5
 Yara's Violent Unravell  Hex/Tmut       0%         3d3       100%        5
 Death Channel            Necr           0%         N/A       100%        6
 Simulacrum               Ice/Necr       0%         N/A       100%        6
 Enfeeble                 Hex            0%         N/A       100%        7


Dungeon Overview and Level Annotations

Branches:
Dungeon (11/15)            Temple (1/1) D:6            Lair (0/5) D:11
    Orc (0/2) D:9

Altars:
Ashenzari
Cheibriados
Dithmenos
Elyvilon
Fedhas
Gozag
Hepliaklqana
Kikubaaqudgha
Makhleb
Nemelex Xobeh
Okawaru
Qazlal
Ru
Sif Muna
Trog
Uskayaw
Vehumet
Wu Jian
Xom
Yredelemnul
Zin
The Shining One

Shops:
D:1 *   D:7 :

Annotations:
D:4 Natasha


Innate Abilities, Weirdness & Mutations

You are immune to sickness and miasma.
Your stone body is resilient. (AC +8)
You are immune to poison.
You resist negative energy. (rN+)
You are resistant to electric shocks. (rElec)
You are resistant to unholy torment.
You are immune to petrification.
You cannot be stealthy.
You cannot train Dodging skill.


Message History

You barely miss the shadow.
The shadow is moderately damaged.
You hit the shadow.
The shadow is moderately damaged.
The shadow barely misses you.
You hit the shadow but do no damage.
The shadow is moderately damaged.
The shadow hits you.
You slash the shadow!
The shadow is heavily damaged.
You block the shadow's attack.
You slash the shadow!
You destroy the shadow!
Two slime creatures merge to form an enormous slime creature.
Aiming: Fastroot
Press: ? - help, Shift-Dir - straight line, f - you The roots erupt in riotous growth!
You hear a shout!
The enormous slime creature attacks as you move away!
You block the enormous slime creature's attack.
You see here 5 stones.
Things that are here:
a +0 giant club; an ogre corpse
Aiming: Fastroot
Press: ? - help, Shift-Dir - straight line, f - slime creature
Aim: a slime creature The roots erupt in riotous growth!
The enormous slime creature is unaffected.
The slime creature is unaffected.
The now-empty wand crumbles to dust.
The enormous slime creature hits you but does no damage.
Two slime creatures merge to form a titanic slime creature.
Items here: )))))) †.
Aiming: Mindburst
Press: ? - help, Shift-Dir - straight line, f - titanic slime creature
Aim: a titanic slime creature (not susceptible)
The titanic slime creature is unaffected.
The titanic slime creature attacks as you move away!
The titanic slime creature hits you!!!!
Ouch! That really hurt!
You die...

.# #.#
#####.##.....) .#
#(# #.............
.# #)#
#.###.##.##.## .#
#)# #.# #.##.##.##
.##
#.###.###.##.##.##
..#
#.)...............
.##
#.................
##
#J###.############
# #@# #.# #
#.###.# # ##.#.#.#
# #...#..# #
#..###.# ###
#.#.#.## ..#
#.##.## #.# #.##.#
#.# #.##.#


You could see a titanic slime creature.

Vanquished Creatures
  Fannar (D:11)
  A boulder beetle (D:11)
  Erolcha (D:11)
  3 two-headed ogres
  A centaur warrior (D:9)
  Lodul (D:11)
  3 cyclopes
  2 unseen horrors (D:11)
  A kobold demonologist (D:7)
  A hornet (D:10)
  A slime creature (D:11)
  2 shadows (D:11)
  10 yaks
  A wraith (D:9)
  2 steam dragons
  3 vampire mosquitoes (D:11)
  3 wargs (D:11)
  3 water moccasins
  4 acid dragons
  An ice beast (D:7)
  3 orc warriors
  2 sky beasts (D:7)
  A black bear (D:6)
  7 ogres
  3 centaurs
  A kobold brigand (D:11)
  A bullfrog (D:9)
  2 phantoms
  2 necrophages
  2 scorpions
  A gnoll sergeant (D:9)
  21 wights
  19 killer bees
  5 howler monkeys
  4 hounds
  7 orc priests
  2 jellies
  6 iguanas
  4 orc wizards
  Natasha (D:4)
  9 gnolls
  12 adders
  2 river rats (D:4)
  A shadow imp (D:3)
  2 white imps
  An ufetubus (D:6)
  7 worms
  26 orcs
  4 bats
  7 endoplasms
  3 giant cockroaches
  7 goblins
  3 hobgoblins (D:2)
  3 quokkas
  5 ball pythons
  3 frilled lizards
  3 kobolds
  9 rats
246 creatures vanquished.

Vanquished Creatures (others)
  A two-headed ogre (D:10)
  An ogre (D:11)
  10 plants
12 creatures vanquished.

Grand Total: 258 creatures vanquished

Notes
Turn   | Place    | Note
-------+----------+-------------------------------------------
     0 | D:1      | Juza the Gargoyle Fighter began the quest for the Orb.
     0 | D:1      | Reached XP level 1. HP: 14/14 MP: 1/1
   201 | D:1      | Reached XP level 2. HP: 19/19 MP: 2/2
   285 | D:1      | Found a faded altar of an unknown god.
   746 | D:1      | Found Sivyadot's Assorted Antiques.
  1076 | D:2      | Reached skill level 1 in Throwing
  1076 | D:2      | Reached XP level 3. HP: 22/23 MP: 3/3
  1733 | D:2      | Identified the +1 robe "Myilih" {rC+ Str-2 Slay+2 Stlth+}
  2142 | D:3      | Reached XP level 4. HP: 29/29 MP: 4/4
  2657 | D:3      | Reached XP level 5. HP: 21/33 MP: 5/5
  2781 | D:3      | Identified the +2 robe of the Abyss {Str+6}
  2975 | D:3      | Found a white marble altar of Elyvilon.
  3149 | D:3      | Identified the amulet of Unoigu {Acrobat Int+4}
  3584 | D:4      | Reached XP level 6. HP: 35/38 MP: 6/6
  3759 | D:4      | Identified the +10 hand axe of Reschug {venom, Int+4}
  3912 | D:4      | Noticed Natasha
  3916 | D:4      | Killed Natasha
  4379 | D:5      | Entered Level 5 of the Dungeon
  4384 | D:4      | Noticed Natasha
  4424 | D:5      | Reached skill level 1 in Axes
  4424 | D:5      | Reached XP level 7. HP: 43/44 MP: 7/7
  4449 | D:5      | Reached skill level 5 in Armour
  4785 | D:1      | Bought a distressingly furry chain mail for 228 gold pieces
  4785 | D:1      | Identified the +0 chain mail "Wedacley" {rF- Will+++ Dex+3}
                  | (You bought it in a shop on level 1 of the Dungeon)
  5456 | D:6      | Reached XP level 8. HP: 48/48 MP: 8/8
  5483 | D:6      | Reached skill level 5 in Fighting
  5538 | D:6      | Found a staircase to the Ecumenical Temple.
  5564 | Temple   | Entered the Ecumenical Temple
  5629 | Temple   | Became a worshipper of Ru the Awakened
  6721 | D:7      | Found Wiatzic's Book Shoppe.
  6825 | D:7      | Reached XP level 9. HP: 33/54 MP: 9/9
  7012 | D:7      | Noticed a cyclops
  7019 | D:7      | Killed a cyclops
  7020 | D:7      | Reached skill level 5 in Axes
  7020 | D:7      | Reached skill level 5 in Throwing
  7020 | D:7      | Reached skill level 5 in Shields
  7413 | D:7      | Noticed a kobold demonologist
  7424 | D:7      | Noticed an orange demon
  7428 | D:7      | Killed a kobold demonologist
  7649 | D:7      | Found a hide-covered altar of Uskayaw.
  7653 | D:7      | Gained mutation: You cannot be stealthy. [Ru sacrifice]
  7832 | D:7      | Found an iron altar of Okawaru.
  8368 | D:8      | You are sucked into a shaft and drop 1 floor!
  8398 | D:9      | Reached XP level 10. HP: 30/61 MP: 10/10
  8979 | D:8      | Found a flagged portal.
  9716 | D:9      | Found a staircase to the Orcish Mines.
  9912 | D:9      | Noticed a centaur warrior
  9921 | D:9      | Killed a centaur warrior
 10381 | D:9      | Gained mutation: You cannot train Dodging skill. [Ru
                  | sacrifice]
 10381 | D:9      | Reached * piety under Ru
 10381 | D:9      | Reached ** piety under Ru
 10434 | D:10     | Entered Level 10 of the Dungeon
 10547 | D:10     | Noticed a two-headed ogre
 10548 | D:10     | Noticed a two-headed ogre
 10560 | D:10     | Killed a two-headed ogre
 10561 | D:10     | Reached XP level 11. HP: 53/67 MP: 11/11
 10563 | D:10     | Killed a two-headed ogre
 10842 | D:10     | Noticed a two-headed ogre
 10853 | D:10     | Killed a two-headed ogre
 11279 | D:10     | Found a radiant altar of Vehumet.
 11832 | D:11     | Noticed Fannar
 11852 | D:11     | Killed Fannar
 11939 | D:11     | Noticed a boulder beetle
 11951 | D:11     | Killed a boulder beetle
 12238 | D:11     | Noticed a cyclops
 12249 | D:11     | Killed a cyclops
 12263 | D:11     | Found a staircase to the Lair.
 12315 | D:11     | Noticed a two-headed ogre
 12326 | D:11     | Killed a two-headed ogre
 12399 | D:11     | Reached skill level 10 in Armour
 12553 | D:11     | Noticed Erolcha
 12567 | D:11     | Killed Erolcha
 12680 | D:11     | Reached XP level 12. HP: 73/73 MP: 12/12
 12830 | D:11     | Reached skill level 10 in Axes
 13161 | D:11     | Noticed Lodul
 13182 | D:11     | Killed Lodul
 13294 | D:11     | Mangled by a titanic slime creature

Illustrated notes

Levels and vault maps discovered:
D:1:      heliophobic_arrival_battle_scene, layout_loops_corners, serial_shops,
          shop, hellmonk_ecumenical_altar_pennies_from_heaven,
          grunt_decor_arrowhead
D:2:      kennysheep_big_flooded_room, layout_basic
D:3:      minmay_thinvault, layout_loops_corners, nicolae_elyvilon_temple_path,
          minmay_puff
D:4:      layout_basic, lightli_sewer_entry_pipes, uniq_natasha
D:5:      layout_loops_cross
D:6:      layout_loops_ring, minmay_temple_entry_stoned_glass, sigmund_army
D:7:      layout_loops_corners, mainiacjoe_overflow_24_doors,
          mainiacjoe_overflow_alcove_2, serial_shops, nicolae_stop_n_shop_1,
          minmay_microvault
D:8:      layout_basic, enter_bailey_8
D:9:      layout_irregular_city, orc_0_dummy
D:10:     layout_loops_corners, overflow_temple_1_default
D:11:     layout_loops_ring, erik_lair_orcish_takeover, grunt_potential,
          uniq_lodul, uniq_fannar, uniq_erolcha
Temple:   nicolae_temple_no_exploring_needed

Skill      XL: |  1  2  3  4  5  6  7  8  9 10 11 12 |
---------------+-------------------------------------+-----
Throwing       | 1 2 3 4 5 6 8 |  8.3
Maces & Flails | 3 |  3.9
Fighting       | 4 5 6 7 8 |  8.3
Armour         | 4 5 6 7 8 10 | 10.4
Axes           | 1 2 4 6 8 9 10 | 10.3
Shields        | 4 5 6 7 8 |  8.0

Action                   |  1- 3 |  4- 6 |  7- 9 | 10-12 || total
-------------------------+-------+-------+-------+-------++-------
Melee: Flail             |   134 |   139 |       |       ||   273
       Hand axe          |       |    42 |   175 |   407 ||   624
Throw: Boomerang         |       |     4 |       |       ||     4
Invok: Sacrifice Stealth |       |       |     1 |       ||     1
       Sacrifice Nimblen |       |       |       |     1 ||     1
Evoke: Wand              |       |       |     1 |     4 ||     5
  Use: Scroll            |       |    12 |     4 |    13 ||    29
       Potion            |       |       |     1 |     3 ||     4
 Stab: Distracted        |       |       |       |     1 ||     1
Armor: Scale mail        |    16 |       |       |       ||    16
       Chain mail        |    67 |    94 |    90 |   173 ||   424
Dodge: Dodged            |    54 |    75 |    80 |   150 ||   359
Block: Buckler           |    23 |    28 |    61 |   127 ||   239
